 Dungeon Crawl Stone Soup version 0.30-a0-879-ga8ba668304 (webtiles) character file.

Game seed: 5006467884338156728

2 Mickster the Shooter (level 1, -1/12 HPs)
             Began as a Gargoyle Wanderer on Mar 13, 2023.
             Slain by a gnoll
             ... wielding a +0 club
              (5 damage)
             ... on level 1 of the Dungeon.
             The game lasted 00:01:07 (35 turns).

Mickster the Shooter (Gargoyle Wanderer)              Turns: 35, Time: 00:01:08

Health: -1/12      AC:  7    Str: 15    XL:     1   Next: 30%
Magic:  1/1        EV: 10    Int:  9    God:
Gold:   0          SH:  0    Dex: 12    Spells: 0/0 levels left

rFire   . . .      SeeInvis .    a - +2 sling
rCold   . . .      Faith    .    (no shield)
rNeg    + . .      Spirit   .    c - +0 ring mail
rPois   ∞          Reflect  .    (no helmet)
rElec   +          Rampage  .    (no cloak)
rCorr   .                        (no gloves)
Will    .....                    (no boots)
Stlth   +                        (no amulet)
HPRegen 0.22/turn                (no ring)
MPRegen 0.07/turn                (no ring)

@: no status effects
A: sickness immunity, AC +2, negative energy resistance 1, electricity
resistance, torment resistance 1, petrification resistance
a: no special abilities


You were on level 1 of the Dungeon.
You visited 1 branch of the dungeon, and saw 1 of its levels.

Inventory:

Hand Weapons
 a - a +2 sling (weapon)
 b - a +0 short sword
Armour
 c - a +0 ring mail (worn)
Potions
 d - a potion of heal wounds


   Skills:
 + Level 2.1 Fighting
 + Level 1.0 Short Blades
 + Level 4.0 Ranged Weapons
 + Level 2.3 Armour
 + Level 1.0 Dodging


You couldn't memorise any spells.
You didn't know any spells.
Your spell library contained the following spells:

 Spells                   Type           Power      Damage    Failure   Level
 Slow                     Hex            0%         N/A       61%         1
 Confusing Touch          Hex            0%         N/A       93%         3
 Vampiric Draining        Necr           0%         2d6       93%         3


Dungeon Overview and Level Annotations

Branches:
Dungeon (1/15)

Altars:


Innate Abilities, Weirdness & Mutations

You are immune to sickness and miasma.
Your stone body is resilient. (AC +2)
You are immune to poison.
You resist negative energy. (rN+)
You are resistant to electric shocks. (rElec)
You are resistant to unholy torment.
You are immune to petrification.


Message History

You kill the rat!
You pick up a book of Debilitation and begin reading...
You add the spells Slow, Vampiric Draining and Confusing Touch to your library.
A gnoll comes into view. It is wielding a +0 club.
The gnoll shouts!
A quokka comes into view.
Fire: a) +2 sling
Press: ? - help, Q - select action Shift-Dir - straight line, f - gnoll
Aim: a gnoll, wielding a +0 club (64% to hit)
You shoot a sling bullet.
The sling bullet closely misses the gnoll.
The sling bullet closely misses the quokka.
Fire: a) +2 sling
Press: ? - help, Q - select action Shift-Dir - straight line, f/p - gnoll
Aim: a gnoll, wielding a +0 club (64% to hit)
You shoot a sling bullet. The sling bullet hits the gnoll.
The gnoll is lightly wounded.
The gnoll hits you but does no damage.
Fire: a) +2 sling
Press: ? - help, Q - select action Shift-Dir - straight line, f/p - gnoll
Aim: a gnoll, wielding a +0 club (lightly wounded, 64% to hit)
You shoot a sling bullet. The sling bullet hits the gnoll!
The gnoll is severely wounded.
The gnoll hits you with a +0 club.
Fire: a) +2 sling
Press: ? - help, Q - select action Shift-Dir - straight line, f/p - gnoll
Aim: a gnoll, wielding a +0 club (severely wounded, 64% to hit)
You shoot a sling bullet.
The sling bullet barely misses the gnoll.
The sling bullet hits the quokka.
The quokka is severely wounded.
The gnoll hits you with a +0 club.
Fire: a) +2 sling
Press: ? - help, Q - select action Shift-Dir - straight line, f/p - gnoll
Aim: a gnoll, wielding a +0 club (severely wounded, 64% to hit)
You shoot a sling bullet.
The sling bullet barely misses the gnoll.
The sling bullet closely misses the quokka.
The gnoll hits you with a +0 club. x2
You die...

##.......###
...........
........#
....... ....#
### #r.. ...
###g#+#.#
#..@....##
#........##
#.........#
#.......#..#
#.......# .#
###.......##.#
#............
....###.###.###
.### ##.## ##


You could see a gnoll and a quokka.

Vanquished Creatures
  A quokka (D:1)
  A rat (D:1)
2 creatures vanquished.

Notes
Turn   | Place    | Note
-------+----------+-------------------------------------------
     0 | D:1      | Mickster the Gargoyle Wanderer began the quest for the Orb.
     0 | D:1      | Mickster set off with the following items: a +2 sling, a +0
                  | short sword, a +0 ring mail, a potion of heal wounds.
     0 | D:1      | Reached XP level 1. HP: 12/12 MP: 1/1
    35 | D:1      | Slain by a gnoll

Illustrated notes

Levels and vault maps discovered:
D:1:      enne_arrival_octagon_isle, layout_basic

Action                     || total
---------------------------++-------
   Fire: Sling             ||     8
 Armour: Ring mail         ||     1

Table legend: (Time is in decaauts)
 A = Elapsed time spent in this place.
 B = Non-inter-level travel time spent in this place.
 C = Inter-level travel time spent in this place.
 D = Time resting spent in this place.
 E = Time spent auto-exploring this place.
 F = Levels seen in this place.
 G = Mean time per level.
                   A        B        C        D        E       F      G
               +--------+--------+--------+--------+--------+-----+--------+
         Total |     38 |     38 |      0 |      0 |      0 |   1 |   38.0 |
       Dungeon |     38 |     38 |      0 |      0 |      0 |   1 |   38.0 |
               +--------+--------+--------+--------+--------+-----+--------+

Top non-repeatable levels by time:
     D:1: 38 daAuts
